 Dungeon Crawl Stone Soup version 0.29-a0-998-g1987434951 (webtiles) character file.

Game seed: 4537196539183208942

96148 drpainis the Severer (level 16, -7/149 HPs)
             Began as a Hill Orc Fighter on Aug 5, 2022.
             Was a High Priest of Beogh.
             Killed from afar by a titan (31 damage)
             ... with a bolt of lightning
             ... on level 2 of the Depths.
             The game lasted 01:07:24 (27672 turns).

drpainis the Severer (Hill Orc Fighter)            Turns: 27672, Time: 01:07:24

Health: -7/149     AC: 39    Str: 27    XL:     16   Next: 16%
Magic:  16/18      EV:  8    Int:  8    God:    Beogh [*****.]
Gold:   2050       SH: 15    Dex: 10    Spells: 15/15 levels left

rFire   + + .      SeeInvis .   S - +3 broad axe (venom)
rCold   + + .      Faith    .   o - +2 shield of Resistance {rF++ rC++ Will++}
rNeg    . . .      Spirit   .   J - +10 plate armour {ponderous}
rPois   .          Reflect  .   Y - +2 hat
rElec   .          Harm     .   (no cloak)
rCorr   .          Rampage  .   (no gloves)
Will    +++..                   j - +1 pair of boots
Stlth   ..........              K - amulet of regeneration
HPRegen 1.14/turn               k - +4 ring of protection
MPRegen 0.16/turn               B - +4 ring of protection

@: slow
A: walk on water
a: Renounce Religion, Smiting, Recall Orcish Followers, Give Item to Named
Follower


You were on level 2 of the Depths.
You worshipped Beogh.
Beogh was extremely pleased with you.
You visited 5 branches of the dungeon, and saw 25 of its levels.
You also visited: Ossuary.

You collected 2428 gold pieces.
You spent 378 gold pieces at shops.

Inventory:

Hand Weapons
 G - a +5 vorpal hand axe
 L - the +7 arbalest of Cibaij {elec, MP+9 Str+3}
   (You found it on level 1 of the Depths)

   Any ammunition fired from it occasionally discharges a powerful burst of
   electricity upon striking a foe.
   Str:       It affects your strength (+3).
   MP:        It affects your magic capacity (+9).
 S - a +3 broad axe of venom (weapon)
 T - a +5 trident of venom
Missiles
 d - a throwing net
 e - 7 silver javelins
 h - 33 poisoned darts (quivered)
Armour
 j - a +1 pair of boots (worn)
 o - the +2 shield of Resistance (worn) {rF++ rC++ Will++}
   (You found it on level 3 of the Dungeon)

   rF:        It greatly protects you from fire.
   rC:        It greatly protects you from cold.
   Will:      It greatly increases your willpower.
 J - a +10 plate armour of ponderousness (worn)
 Y - a +2 hat (worn)
Magical Staves
 Q - a staff of conjuration
Jewellery
 g - a +6 ring of dexterity
 k - a +4 ring of protection (left hand)
 t - a ring of flight
 v - a ring of resist corrosion
 B - a +4 ring of protection (right hand)
 F - an amulet of the acrobat
 K - an amulet of regeneration (around neck)
 U - a ring of positive energy
 W - a +6 ring of dexterity
Wands
 b - a wand of paralysis (6)
 l - a wand of light (8)
 q - a wand of iceblast (9)
 x - a wand of digging (6)
 P - a wand of flame (59)
 R - a wand of polymorph (12)
Scrolls
 c - 3 scrolls of amnesia
 f - 4 scrolls of fog
 i - a scroll of enchant weapon
 m - 5 scrolls of blinking
 s - 5 scrolls of magic mapping
 u - a scroll of silence
 y - 5 scrolls of identify
 C - 3 scrolls of enchant armour
 D - 7 scrolls of teleportation
 E - 2 scrolls of noise
 N - 4 scrolls of fear
Potions
 a - a potion of curing
 n - 2 potions of magic
 r - 5 potions of ambrosia
 w - 2 potions of degeneration
 z - a potion of cancellation {unknown}
 A - 5 potions of haste
 H - 3 potions of might
 I - 3 potions of berserk rage
 M - 7 potions of flight
 O - 4 potions of invisibility
 V - a potion of heal wounds
 X - 3 potions of mutation {unknown}
Miscellaneous
 p - a tin of tremorstones (2/2)


   Skills:
 + Level 15.2 Fighting
 + Level 19.1 Axes
 + Level 0.6 Throwing
 + Level 14.5 Armour
 + Level 3.6 Dodging
 + Level 3.5 Stealth
 + Level 17.0 Shields
 + Level 2.7 Invocations


You had 15 spell levels left.
You didn't know any spells.
Your spell library contained the following spells:

 Spells                   Type           Power      Damage    Failure   Level
 Beastly Appendage        Tmut           0%         N/A       99%         1
 Sandblast                Erth           0%         2d4       99%         1
 Sting                    Tmut/Pois      0%         1d3       99%         1
 Passwall                 Tmut/Erth      0%         N/A       100%        2
 Poisonous Vapours        Pois/Air       0%         N/A       100%        2
 Sublimation of Blood     Necr           0%         N/A       100%        2
 Wereblood                Tmut           0%         N/A       100%        2
 Ignite Poison            Fire/Tmut/Pois 0%         N/A       100%        3
 Mephitic Cloud           Conj/Pois/Air  0%         N/A       100%        3
 Spider Form              Tmut/Pois      0%         N/A       100%        3
 Stone Arrow              Conj/Erth      0%         3d7       100%        3
 Corpse Rot               Necr/Pois/Air  0%         N/A       100%        4
 Dispel Undead            Necr           0%         3d6       100%        4
 Flame Wave               Conj/Fire      0%         2d4       100%        4
 Fulminant Prism          Conj/Hex       0%         3d6       100%        4
 Leda's Liquefaction      Hex/Erth       0%         N/A       100%        4
 Olgreb's Toxic Radiance  Pois           0%         N/A       100%        4
 Alistair's Intoxication  Tmut/Pois      0%         N/A       100%        5
 Borgnjor's Vile Clutch   Necr/Erth      0%         N/A       100%        5
 Freezing Cloud           Conj/Ice/Air   0%         6-21      100%        5
 Lee's Rapid Deconstruct  Erth           0%         3d5*      100%        5
 Conjure Ball Lightning   Conj/Air       0%         3x3d6     100%        6
 Death Channel            Necr           0%         N/A       100%        6
 Eringya's Noxious Bog    Tmut/Pois      0%         N/A       100%        6
 Starburst                Conj/Fire      0%         6d3       100%        6
 Statue Form              Tmut/Erth      0%         N/A       100%        6
 Summon Hydra             Summ           0%         N/A       100%        7
 Discord                  Hex            0%         N/A       100%        8
 Disjunction              Tloc           0%         N/A       100%        8


Dungeon Overview and Level Annotations

Branches:
Dungeon (15/15)            Temple (0/1) D:6            Lair (5/5) D:10
  Swamp (0/4) Lair:2       Spider (0/4) Lair:3        Slime (0/5) Lair:4
    Orc (2/2) D:9             Elf (1/3) Orc:2        Vaults (0/5) D:13
 Depths (1/4) D:15        Ossuary (visited)

Altars:
Ashenzari
Cheibriados
Dithmenos
Elyvilon
Gozag
Makhleb
Nemelex Xobeh
Okawaru
Sif Muna
Uskayaw
Vehumet
The Shining One
Beogh
Jiyva

Shops:
Orc:2 !?

Portals:
Hell: Depths:1

Annotations:
D:8 1 transporter


Message History

Wargath hits the frost giant with a +3 war axe!!
Borgun shoots a bolt.
The bolt hits the frost giant!!
The frost giant dies!
Beogh accepts your kill.
Beogh blesses Borgun with healing.
Your Shields skill increases to level 17!
A brown ugly thing comes into view.
You feel sick.
The brown ugly thing gurgles horribly!
You hear a horrible gurgling sound! x2
Wargath hits the tengu reaver with a +3 war axe!!
A brown ugly thing comes into view.
Borgun unwields a +0 arbalest.
Borgun hits the tengu reaver.
The tengu reaver hits Borgun with a +3 great mace!
The tengu reaver pecks Borgun.
The tengu reaver claws Borgun.
There is a large open door here.
You feel sick.
Wargath hits the tengu reaver with a +3 war axe!!!
The tengu reaver casts a spell at Wargath.
The bolt of poison hits Wargath.
Wargath is poisoned.
Borgun hits the tengu reaver!!
The tengu reaver dies!
Beogh accepts your kill.
You feel sick.
The brown ugly thing basks in the mutagenic energy from its kin and changes!
Wargath hits the titan with a +3 war axe!!!
Borgun hits the titan!
You feel sick.
Wargath hits the titan but does no damage.
You begin recalling your allies.
Wargath is recalled.
Borgun is recalled.
You finish recalling your allies.
You feel sick.
You are no longer poisoned.
The titan gestures at you while chanting.
The bolt of lightning hits you!!
* * * LOW HITPOINT WARNING * * *
The bolt of lightning misses Borgun.
The titan casts a spell at you.
The bolt of lightning hits Wargath!!
The bolt of lightning hits you!!
You die...

..# ..# #.# #.#
#.# #.# u #.# ..
##@# #.. ##..#
....##..######.o.#
.....##uu........#
......##....o....#
.......#.##''##..#
.H..C.. ##C...##.#
.......##.X.)..###
...C...#....).).#


You could see a tentacled monstrosity, a titan (ally target), the friendly
Wargath the orc warlord (strong, poisoned) and the friendly Borgun the orc
knight (strong).

Vanquished Creatures
  A sphinx (Depths:2)
  A tengu reaver (Depths:2)
  3 stone giants
  2 ettins
  A jiangshi (Depths:1)
  Josephine (D:15)
  A fire dragon (Depths:1)
  2 ice dragons (Depths:1)
  3 boulder beetles
  2 spriggan air magi (Depths:1)
  A catoblepas (Lair:2)
  An ogre mage (Orc:1)
  2 centaur warriors
  Erica (D:8)
  A deep troll earth mage (Depths:1)
  8 two-headed ogres
  A deep troll shaman (Depths:1)
  A hell hog (Depths:1)
  Urug (Lair:5)
  A tengu warrior (Depths:1)
  2 spriggan berserkers (Depths:1)
  A vampire mage (Depths:1)
  Amaemon (Lair:3)
  A skeletal warrior (D:14)
  A quicksilver dragon simulacrum (Depths:1)
  5 deep trolls (Depths:1)
  2 wizards
  Pikel (D:4)
  A deep elf zephyrmancer (D:9)
  2 necromancers (Lair:5)
  2 orc knights
  A wolf spider (Lair:3)
  8 ugly things
  A cyclops (D:14)
  A rust devil (Orc:2)
  15 elephants
  2 black mambas
  3 cane toads
  2 gargoyles (D:13)
  A yaktaur (shapeshifter) (D:14)
  Maggie (D:8)
  A kobold demonologist (D:13)
  A komodo dragon (shapeshifter) (D:15)
  Psyche (D:8)
  2 tengu conjurers (D:11)
  A guardian mummy (D:15)
  A komodo dragon (Lair:2)
  8 trolls
  2 hornets
  6 blink frogs
  4 dream sheep (Lair:3)
  A shadow (D:13)
  A wraith (D:12)
  5 wyverns
  2 vampires (D:10)
  A dire elephant simulacrum (Lair:5)
  2 basilisks (Lair:3)
  33 yaks
  A steam dragon (D:6)
  3 vampire mosquitoes
  A warg (D:9)
  A spectral cane toad (Lair:5)
  2 acid dragons
  6 water moccasins
  7 orc warriors
  2 sky beasts (D:7)
  An ice beast (D:7)
  2 black bears
  7 ogres
  An elephant zombie (Lair:5)
  13 wolves
  2 elephant skeletons (Lair:5)
  6 centaurs
  4 lemures (D:4)
  2 elf zombies (Ossuary)
  3 bullfrogs
  3 kobold brigands
  5 gnoll sergeants
  5 scorpions
  12 wights
  10 killer bees
  An elephant simulacrum (Lair:5)
  2 electric eels (Lair:2)
  3 howler monkeys (D:7)
  6 hounds
  3 orc priests
  4 jellies
  Jessica (D:3)
  4 iguanas
  7 orc wizards
  Terence (D:2)
  A hound zombie (Ossuary)
  4 mummies (Ossuary)
  10 adders
  9 gnolls
  A shadow imp (D:8)
  A white imp (D:6)
  2 adder zombies (Ossuary)
  3 worms
  4 dart slugs
  38 orcs
  5 bats
  6 endoplasms
  4 giant cockroaches
  7 goblins
  5 hobgoblins
  4 quokkas
  4 ball pythons
  6 frilled lizards
  A goblin zombie (Ossuary)
  6 kobolds
  4 kobold zombies (Ossuary)
  An orc zombie (Ossuary)
  8 rats
  A rat zombie (Ossuary)
427 creatures vanquished.

Vanquished Creatures (collateral kills)
  3 tengu reavers
  A frost giant (Depths:2)
  A fire giant (Depths:1)
  An iron dragon (Depths:1)
  A reaper (Depths:1)
  3 stone giants (Depths:1)
  2 dire elephants (Lair:5)
  2 jiangshi (Depths:1)
  8 hydras
  2 ice dragons (Depths:1)
  A hell beast (Depths:1)
  2 spriggan air magi (Depths:1)
  A boulder beetle (D:14)
  A catoblepas (Lair:5)
  2 centaur warriors
  5 death yaks (Lair:5)
  4 tengu warriors
  A deep troll earth mage (Depths:1)
  3 spriggans (Depths:1)
  2 spriggan berserkers
  A titan zombie (D:15)
  A spectral death yak (Lair:5)
  A spectral anaconda (Lair:5)
  A flayed ghost (D:15)
  3 skeletal warriors
  3 deep trolls (Depths:1)
  A wizard (Depths:1)
  2 necromancers
  An obsidian statue (Lair:5)
  2 harpies (Depths:1)
  2 orc sorcerers
  2 ugly things (Depths:1)
  A fire giant zombie (D:15)
  A manticore (D:15)
  6 elephants
  2 black mambas (Lair:5)
  8 cane toads
  An orange demon (Lair:3)
  A smoke demon (Orc:2)
  2 dire elephant skeletons (Lair:5)
  A rime drake (Lair:3)
  4 komodo dragons
  4 tengu conjurers
  2 hornets (Depths:1)
  A polar bear (Lair:5)
  2 trolls (Orc:2)
  A spriggan zombie (D:15)
  5 blink frogs
  3 slime creatures (D:14)
  A dream sheep (Lair:3)
  A spectral elephant (Lair:5)
  5 wraiths (D:15)
  12 yaks
  A wyvern (Lair:5)
  A chaos spawn (Orc:2)
  2 vampire mosquitoes
  A warg (Orc:2)
  7 water moccasins
  A human skeleton (D:15)
  11 orc warriors
  7 wolves
  An elephant skeleton (Lair:5)
  An ogre (Orc:2)
  5 centaurs (D:15)
  2 bullfrogs (Lair:2)
  A cane toad simulacrum (Lair:5)
  An elephant simulacrum (Lair:5)
  An electric eel (Lair:5)
  5 orc priests (Orc:2)
  A boggart simulacrum (D:15)
  2 gnolls (D:11)
  6 orcs
  3 butterflies (Lair:3)
  A fungus (Lair:5)
191 creatures vanquished.

Vanquished Creatures (others)
  An orc warlord (Depths:1)
  3 orc knights
  An orc high priest (D:14)
  3 orc sorcerers
  An elephant (Lair:5)
  12 orc warriors
  A hound (D:5)
  8 orc priests
  7 orc wizards
  26 orcs
  66 fungi
  41 plants
  39 withered plants
209 creatures vanquished.

Grand Total: 827 creatures vanquished

Notes
Turn   | Place    | Note
-------+----------+-------------------------------------------
     0 | D:1      | drpainis the Hill Orc Fighter began the quest for the Orb.
     0 | D:1      | Reached XP level 1. HP: 19/19 MP: 1/1
   320 | D:1      | Reached XP level 2. HP: 19/27 MP: 2/2
   416 | D:1      | Reached skill level 3 in Axes
   787 | D:1      | Reached XP level 3. HP: 30/33 MP: 3/3
  1220 | D:2      | Noticed Terence
  1233 | D:2      | Killed Terence
  1234 | D:2      | Reached skill level 4 in Axes
  1484 | D:2      | Reached XP level 4. HP: 36/40 MP: 4/4
  2041 | D:3      | Reached XP level 5. HP: 30/46 MP: 5/5
  2042 | D:3      | Reached skill level 5 in Axes
  2234 | D:3      | Found the +2 shield of Resistance {rF++ rC++ Will++}
  2290 | D:3      | Identified the +1 short sword of Litu {protect, Stlth+}
  2523 | D:3      | Noticed Jessica
  2537 | D:3      | Killed Jessica
  3024 | D:4      | Noticed an ogre
  3031 | D:4      | Killed an ogre
  3032 | D:4      | Reached skill level 6 in Axes
  3032 | D:4      | Reached XP level 6. HP: 53/53 MP: 6/6
  3086 | D:4      | Found a sand-covered staircase.
  3102 | Ossuary  | Entered an ossuary
  3122 | Ossuary  | Reached skill level 7 in Axes
  3122 | Ossuary  | Reached XP level 7. HP: 40/60 MP: 7/7
  3972 | D:4      | Noticed Pikel
  3994 | D:4      | Killed Pikel
  3995 | D:4      | Reached skill level 5 in Fighting
  3995 | D:4      | Reached skill level 8 in Axes
  3995 | D:4      | Reached skill level 5 in Armour
  3995 | D:4      | Reached skill level 1 in Dodging
  3995 | D:4      | Reached skill level 5 in Shields
  3995 | D:4      | Reached XP level 8. HP: 65/68 MP: 8/8
  4017 | D:4      | Identified the +1 leather armour "Lurghuti" {Int+6}
  5018 | D:5      | Entered Level 5 of the Dungeon
  5066 | D:5      | Became a worshipper of Beogh the Brigand
  5185 | D:5      | Reached skill level 9 in Axes
  5696 | D:5      | Identified the +0 ring mail "Dudesm" {rF+ Int+2}
  5904 | D:6      | Reached * piety under Beogh
  6073 | D:6      | Reached XP level 9. HP: 75/75 MP: 9/9
  6127 | D:6      | Reached skill level 10 in Axes
  6127 | D:6      | Reached skill level 1 in Stealth
  6156 | D:6      | Found a staircase to the Ecumenical Temple.
  6830 | D:7      | Found a burning altar of Makhleb.
  6880 | D:7      | Reached skill level 11 in Axes
  7355 | D:7      | Found a shimmering blue altar of Sif Muna.
  7355 | D:7      | Found a hide-covered altar of Uskayaw.
  7355 | D:7      | Found a sparkling altar of Nemelex Xobeh.
  7355 | D:7      | Found an iron altar of Okawaru.
  7356 | D:7      | Found a glowing golden altar of the Shining One.
  7356 | D:7      | Found a snail-covered altar of Cheibriados.
  7357 | D:7      | Found an opulent altar of Gozag.
  7462 | D:7      | Found a white marble altar of Elyvilon.
  7462 | D:7      | Found a radiant altar of Vehumet.
  7463 | D:7      | Found a broken altar of Ashenzari.
  7658 | D:8      | Noticed a two-headed ogre
  7669 | D:8      | Killed a two-headed ogre
  7670 | D:8      | Reached XP level 10. HP: 68/86 MP: 10/10
  7774 | D:8      | Noticed Maggie
  7787 | D:8      | Reached ** piety under Beogh
  7791 | D:8      | Killed Maggie
  7792 | D:8      | Reached skill level 12 in Axes
  8603 | D:8      | Noticed Psyche
  8604 | D:8      | Noticed Erica
  8616 | D:8      | Killed Erica
  8623 | D:8      | Killed Psyche
  8985 | D:8      | Found a transporter.
  9011 | D:8      | Reached skill level 13 in Axes
  9236 | D:9      | Reached XP level 11. HP: 83/94 MP: 11/11
  9652 | D:9      | Noticed a deep elf zephyrmancer
  9661 | D:9      | Killed a deep elf zephyrmancer
  9662 | D:9      | Reached skill level 10 in Shields
  9866 | D:9      | Found a staircase to the Orcish Mines.
  9873 | D:9      | Reached skill level 14 in Axes
  9949 | D:9      | Reached *** piety under Beogh
 10389 | Orc:1    | Entered Level 1 of the Orcish Mines
 10417 | Orc:1    | Noticed a two-headed ogre
 10417 | Orc:1    | Noticed a two-headed ogre
 10419 | Orc:1    | Noticed a two-headed ogre
 10420 | Orc:1    | Noticed an ogre mage
 10426 | Orc:1    | Noticed a two-headed ogre
 10428 | Orc:1    | Noticed a two-headed ogre
 10503 | D:10     | Entered Level 10 of the Dungeon
 10939 | D:10     | Found a staircase to the Lair.
 12070 | D:11     | Reached **** piety under Beogh
 12087 | D:11     | Reached XP level 12. HP: 93/104 MP: 12/12
 12921 | D:12     | Noticed a five-headed hydra
 12931 | D:12     | Killed an eight-headed hydra
 13442 | D:12     | Noticed a two-headed ogre
 13454 | D:12     | Killed a two-headed ogre
 13615 | D:12     | Noticed an eight-headed hydra
 14250 | D:13     | Noticed a boulder beetle
 14350 | D:13     | Killed a boulder beetle
 14850 | D:13     | Reached skill level 10 in Armour
 14888 | D:13     | Noticed a two-headed ogre
 14909 | D:13     | Killed a two-headed ogre
 15385 | D:13     | Found a gate to the Vaults.
 15568 | D:13     | Noticed a boulder beetle
 16084 | D:9      | Killed a two-headed ogre
 16085 | D:9      | Reached skill level 15 in Axes
 16094 | D:9      | Killed a two-headed ogre
 16095 | D:9      | Reached skill level 10 in Fighting
 16103 | D:9      | Killed a two-headed ogre
 16680 | D:9      | Killed a two-headed ogre
 16705 | D:9      | Killed a two-headed ogre
 16868 | Orc:1    | Killed an ogre mage
 17057 | Orc:1    | Found a radiant altar of Vehumet.
 17197 | Orc:1    | Noticed a soul eater
 17201 | Orc:1    | Reached XP level 13. HP: 107/113 MP: 13/13
 17468 | Orc:2    | Entered Level 2 of the Orcish Mines
 17468 | Orc:2    | Found a staircase to the Elven Halls.
 17482 | Orc:2    | Reached ***** piety under Beogh
 17611 | Orc:2    | Found a roughly hewn altar of Beogh.
 17809 | Orc:2    | Found Qetzics's Magic Scroll Boutique.
 17810 | Orc:2    | Found Xumuz's Distillery.
 17833 | Orc:2    | Gained Wargath as an ally
 17866 | Orc:2    | Bought a scroll of enchant weapon for 90 gold pieces
 17868 | Orc:2    | Bought a potion of might for 48 gold pieces
 17868 | Orc:2    | Bought 2 potions of haste for 240 gold pieces
 18249 | Elf:1    | Entered Level 1 of the Elven Halls
 18251 | Elf:1    | Identified the +1 robe "Ycead" {Str+2 Dex+2}
 18619 | Lair:1   | Entered Level 1 of the Lair of Beasts
 19095 | Lair:1   | Identified the +2 trident of Charred Integrity {vorpal,
                  | Dex+2}
 19320 | Lair:2   | Found a staircase to the Swamp.
 19723 | Lair:2   | Reached skill level 16 in Axes
 20796 | Lair:3   | Got the Compendium of the Salvo
 21062 | Lair:3   | Noticed Amaemon
 21067 | Lair:3   | Killed Amaemon
 21095 | Lair:3   | Found a hole to the Spider Nest.
 21609 | Lair:4   | Found a staircase to the Slime Pits.
 21609 | Lair:4   | Found a viscous altar of Jiyva.
 21612 | Lair:4   | Reached XP level 14. HP: 126/126 MP: 14/14
 21716 | Lair:4   | Reached skill level 1 in Invocations
 21716 | Lair:4   | Gained Rocco as an ally
 21818 | Lair:4   | Identified a scroll of acquirement
 21819 | Lair:4   | Acquired a +2 broad axe of venom
 22400 | Lair:5   | Entered Level 5 of the Lair of Beasts
 22680 | Lair:5   | Reached skill level 17 in Axes
 22725 | Lair:5   | Noticed Urug
 22733 | Lair:5   | Killed Urug
 22797 | Lair:5   | Reached ****** piety under Beogh
 22812 | Lair:5   | Noticed a dire elephant
 22812 | Lair:5   | Noticed a dire elephant
 22922 | Lair:5   | Reached skill level 15 in Shields
 23163 | Lair:5   | Killed a dire elephant
 23166 | Lair:5   | Killed a dire elephant
 25069 | D:14     | Found a shadowy altar of Dithmenos.
 25173 | D:14     | Your ally Rocco died
 25194 | D:14     | Reached skill level 18 in Axes
 25361 | D:14     | Gained Ugbert as an ally
 25557 | D:14     | Reached XP level 15. HP: 137/137 MP: 16/16
 25811 | D:15     | Entered Level 15 of the Dungeon
 25833 | D:15     | Noticed Josephine
 25841 | D:15     | Killed Josephine
 25883 | D:15     | Found a staircase to the Depths.
 25890 | D:15     | Gained Norbak as an ally
 26086 | D:15     | Found a shimmering blue altar of Sif Muna.
 26510 | Depths:1 | Entered Level 1 of the Depths
 26554 | Depths:1 | Your ally Ugbert died
 26574 | Depths:1 | Your ally Norbak died
 26586 | Depths:1 | Your ally Wargath died
 26587 | Depths:1 | Gained Borgun as an ally
 26820 | Depths:1 | Noticed an iron dragon
 26822 | Depths:1 | Found a gateway to Hell.
 26831 | Depths:1 | Killed an iron dragon
 26904 | Depths:1 | Noticed a fire giant
 26910 | Depths:1 | Killed a fire giant
 27064 | Depths:1 | Noticed a tengu reaver
 27069 | Depths:1 | Noticed a tengu reaver
 27082 | Depths:1 | Killed a tengu reaver
 27083 | Depths:1 | Killed a tengu reaver
 27084 | Depths:1 | Reached skill level 15 in Fighting
 27127 | Depths:1 | Identified the +7 arbalest of Cibaij {elec, MP+9 Str+3}
 27285 | Depths:1 | Reached XP level 16. HP: 122/149 MP: 18/18
 27466 | Depths:1 | Reached skill level 19 in Axes
 27588 | Depths:1 | You fall into a shaft and drop 1 floor!
 27588 | Depths:2 | Noticed a tengu reaver
 27588 | Depths:2 | Noticed a sphinx
 27592 | Depths:2 | Your ally Borgun died
 27594 | Depths:2 | Killed a sphinx
 27595 | Depths:2 | Killed a tengu reaver
 27660 | Depths:2 | Noticed a titan
 27660 | Depths:2 | Noticed a tengu reaver
 27661 | Depths:2 | Noticed a sphinx
 27661 | Depths:2 | Noticed a tentacled monstrosity
 27667 | Depths:2 | Killed a tengu reaver
 27672 | Depths:2 | Killed from afar by a titan

Illustrated notes

Levels and vault maps discovered:
D:1:      wander_arrival_chamber, layout_rooms, minmay_tiny_reverse_x
D:2:      layout_rooms, minmay_misc_feat_enclosed, minmay_misc_feat_pillars,
          uniq_terence
D:3:      layout_loops_ring, uniq_jessica
D:4:      layout_layer_cave, nicolae_ossuary_entry_ruins, uniq_pikel
D:5:      layout_basic
D:6:      layout_loops_ring, minmay_temple_entry_nine_rooms,
          grunt_decor_mini_mirrors, dreamdust_mushroom_princess
D:7:      layout_cave_pods, nicolae_overflows_in_rows,
          mainiacjoe_overflow_cross_hatched
D:8:      layout_cave_pools, nicolae_diode_basic, uniq_maggie, uniq_erica,
          uniq_psyche
D:9:      layout_roguey, kennysheep_orc_monster_closet_entryway,
          guppyfry_early_elven_hall
D:10:     layout_basic, lair_entry_dummy
D:11:     layout_grid_maze, hangedman_abyss_or_decor_stagger
D:12:     layout_long_grid
D:13:     layout_rooms, david_vaults_1
D:14:     layout_irregular_city, nicolae_dithmenos_shadow_blocks
D:15:     gammafunk_depths_entry_grave, layout_long_grid,
          nicolae_sif_muna_condensation, uniq_josephine
Lair:1:   layout_misc_corridors
Lair:2:   layout_gridlike, minmay_swamp_entry_swarm, lemuel_fruit_tree
Lair:3:   layout_roguey, spider_nest_entry_rubble, lemuel_fruit_fields,
          infiniplex_staircase_pool, uniq_amaemon
Lair:4:   layout_cave_pods, minmay_slime_entry_oklob_open
Lair:5:   due_jungle_book, layout_regular_city, lookout_lair_type,
          serial_bayou_shore_b, grunt_megastairs_3, uniq_urug
Orc:1:    layout_diamond_mine, basic_altar, nicolae_volcano_entry_two_sided
Orc:2:    pf_orc_diabolical, layout_caves, mines2_david
Elf:1:    eino_elf_arrival_the_gate, layout_geoelf_diagonals, serial_shops,
          shop, hangedman_elf_represent, nicolae_elf_archery_training
Depths:1: layout_basic, grunt_mini_vestibule, serial_glass, glass_columns_a,
          glass_columns_a, glass_columns_a, glass_columns_b,
          nicolae_benzene_ring, hangedman_aviary
Depths:2: minmay_octagon_city, layout_cave_shapes, hell_entry, serial_shops,
          freezing_bzr, nicolae_wwwww, nicolae_abyss_entry_one_way_or_another,
          rand_demon_pan_entry_7, infiniplex_staircase_x

Skill      XL: |  1  2  3  4  5  6  7  8  9 10 11 12 13 14 15 16 |
---------------+-------------------------------------------------+-----
Axes           | 3 4 6 7 8 9 11 13 14 15 16 18 19 | 19.1
Fighting       | 4 5 7 9 10 12 13 15 | 15.2
Armour         | 4 5 6 7 8 9 11 12 13 14 | 14.5
Shields        | 4 5 6 7 9 11 13 14 15 16 17 | 17.0
Dodging        | 1 2 3 |  3.6
Stealth        | 1 2 3 |  3.5
Invocations    | 1 2 |  2.7
Throwing       | |  0.6

Action                   |  1- 3 |  4- 6 |  7- 9 | 10-12 | 13-15 | 16-18 || total
-------------------------+-------+-------+-------+-------+-------+-------++-------
Melee: War axe           |    90 |   166 |    94 |       |   250 |       ||   600
       Hand axe          |       |       |   222 |   712 |    25 |       ||   959
       Broad axe         |       |       |       |       |   405 |    18 ||   423
Throw: Dart              |       |       |     3 |       |       |       ||     3
Invok: Convert to Beogh  |       |       |     1 |       |       |       ||     1
       Recall Orcish Fol |       |       |       |       |     8 |     2 ||    10
       Smiting           |       |       |       |       |     4 |       ||     4
       Give Item to Name |       |       |       |       |     2 |       ||     2
       Resurrection      |       |       |       |       |     1 |     1 ||     2
  Use: Potion            |       |     1 |       |    10 |     8 |     1 ||    20
       Scroll            |       |       |    10 |    10 |    13 |       ||    33
 Stab: Distracted        |       |       |     1 |     1 |     7 |     2 ||    11
       Confused          |       |       |       |     1 |     1 |       ||     2
       Paralysed         |       |       |       |       |     1 |       ||     1
Armor: Scale mail        |    41 |    87 |    57 |       |       |       ||   185
       Plate armour      |       |       |    80 |   455 |   577 |    11 ||  1123
Dodge: Dodged            |    40 |    72 |    92 |   278 |   186 |    10 ||   678
Block: Buckler           |    27 |    16 |       |       |       |       ||    43
       Kite shield       |       |    63 |   180 |   503 |   563 |     8 ||  1317

Table legend: (Time is in decaauts)
 A = Elapsed time spent in this place.
 B = Non-inter-level travel time spent in this place.
 C = Inter-level travel time spent in this place.
 D = Time resting spent in this place.
 E = Time spent auto-exploring this place.
 F = Levels seen in this place.
 G = Mean time per level.
                   A        B        C        D        E       F      G
               +--------+--------+--------+--------+--------+-----+--------+
         Total |  28821 |  27944 |    877 |   3963 |  15810 |  26 | 1108.5 |
       Dungeon |  19123 |  18596 |    527 |   2730 |  10844 |  15 | 1274.9 |
          Lair |   6197 |   5906 |    291 |    735 |   3458 |   5 | 1239.4 |
  Orcish Mines |   1712 |   1654 |     58 |    181 |    671 |   2 |  856.0 |
   Elven Halls |      8 |      8 |      0 |      0 |      0 |   1 |    8.0 |
        Depths |   1200 |   1200 |      0 |     87 |    624 |   2 |  600.0 |
       Ossuary |    578 |    578 |      0 |    229 |    211 |   1 |  578.0 |
               +--------+--------+--------+--------+--------+-----+--------+

Top non-repeatable levels by time:
     D:9: 2638 daAuts
    D:11: 2050 daAuts
  Lair:5: 2035 daAuts
     D:7: 1692 daAuts
    D:13: 1549 daAuts
     D:4: 1446 daAuts
    D:10: 1392 daAuts
     D:1: 1213 daAuts
  Lair:3: 1186 daAuts
  Lair:4: 1160 daAuts
  Lair:2: 1116 daAuts
Depths:1: 1103 daAuts
    D:12: 1073 daAuts
     D:3: 1053 daAuts
     D:5: 910 daAuts
